AoeStats
← Reinhardlunsen

Pilgrims

509060258Analyzed
4v4 RM · 6d ago on Sep 25, 2026· 39m 32s· 8 players
Game mode
Random Map
Map size
Large (8 player)
Population
200
Speed
Normal
Resources
Standard
Victory
Conquest
Starting age
Dark Age
Ending age
Imperial Age
RankedLock teamsTeams togetherTeam positionsShared explorationLock speedFull tech treeHidden civsTurbo modeCheats
Victory
Defeat
🇨🇳 Jurchens · China
1634
+15
🇯🇴 Malay · Jordan
1611
+16
🇨🇳 Georgians · China
1587
+17
🇨🇳 Cumans · China
1576
+18
🇩🇪 Saxons · Germany
1682
-19
🇺🇸 Saracens · United States
1622
-17
🇩🇪 Turks · Germany
1596
-16
🇨🇳 Portuguese · China
1557
-14
CAPTAINKILL
3:51 Loom
12:15 Feudal Age
13:16 Double-Bit Axe
15:48 Fletching
22:10 Wheelbarrow
22:10 Fishing Lines
28:44 Castle Age
27:02 Gold Mining
28:38 Bow Saw
29:13 Gillnets
30:06 Bodkin Arrow
30:11 Padded Archer Armor
30:20 Thumb Ring
30:16 Crossbowman
31:34 Hand Cart
31:05 Town Watch
34:50 Imperial Age
33:10 Padded Archer Armor
33:32 Ballistics
34:21 Leather Archer Armor
35:20 Arbalester
36:04 Bracer
36:35 Ring Archer Armor
38:50 Chemistry
37:39 Elite Skirmisher
uchida_inori
9:17 Loom
12:33 Feudal Age
13:16 Fishing Lines
13:22 Double-Bit Axe
16:15 Castle Age
14:23 Gold Mining
15:16 Fletching
16:58 Bodkin Arrow
17:17 Medium Warships
17:39 Bow Saw
19:30 Wheelbarrow
20:10 Gillnets
21:31 Hand Cart
24:03 Imperial Age
25:02 Clinker Construction
25:02 Careening
25:58 Heavy Warships
26:42 Chemistry
26:46 Stone Mining
28:00 Town Watch
28:17 Bracer
28:18 Padded Archer Armor
29:55 Leather Archer Armor
33:33 Ballistics
35:13 Svan Towers
35:02 Guard Tower
35:18 Siege Engineers
36:20 Arrowslits
无垢之识
12:06 Feudal Age
16:11 Castle Age
15:31 Loom
15:39 Double-Bit Axe
15:35 Horse Collar
16:13 Fletching
17:10 Fishing Lines
19:41 Ballistics
20:09 Wheelbarrow
20:18 Gold Mining
20:21 Town Watch
20:59 Bodkin Arrow
22:33 Hand Cart
23:21 Capped Ram
24:28 Heavy Plow
25:37 Padded Archer Armor
29:44 Imperial Age
29:41 Padded Archer Armor
30:19 Bloodlines
31:41 Conscription
34:07 Leather Archer Armor
35:57 Ring Archer Armor
36:45 Thumb Ring
37:10 Parthian Tactics
38:28 Cuman Mercenaries
南良千奈
7:29 Loom
10:52 Feudal Age
15:28 Castle Age
14:51 Double-Bit Axe
15:00 Gold Mining
15:53 Fletching
16:41 Medium Warships
18:36 Bow Saw
30:38 Bodkin Arrow
32:40 Husbandry
36:53 Ballistics
40:28 Imperial Age
Lastmantillidie
5:37 Loom
11:33 Feudal Age
12:46 Double-Bit Axe
16:05 Castle Age
15:38 Fishing Lines
17:48 Gold Mining
18:12 Bow Saw
21:50 Fervor
24:07 Stone Mining
24:46 Town Watch
30:09 Imperial Age
28:25 Bloodlines
28:15 Husbandry
28:51 Scale Barding Armor
29:24 Horse Collar
31:08 Wheelbarrow
32:47 Fletching
34:00 Conscription
34:53 Chemistry
34:06 Bodkin Arrow
35:49 Ballistics
35:41 Masonry
35:18 Elite Mameluke
38:00 Chain Barding Armor
37:40 Bracer
38:39 Ballistics
39:51 Two-Man Saw
39:27 Plate Barding Armor
40:03 Hand Cart
Reinhardlunsen
6:02 Loom
11:05 Feudal Age
12:20 Double-Bit Axe
12:16 Horse Collar
14:58 Fletching
22:43 Castle Age
23:33 Bodkin Arrow
34:46 Imperial Age
Mojo Jojo
7:45 Loom
10:49 Feudal Age
11:30 Double-Bit Axe
15:31 Fletching
21:02 Castle Age
22:21 Medium Warships
22:08 Bodkin Arrow
25:53 Ballistics
28:43 Horse Collar
29:17 Bow Saw
29:27 Town Watch
30:41 Heavy Plow
34:34 Wheelbarrow
35:20 Hand Cart
37:29 Squires
40:08 Imperial Age
39:00 Scale Mail Armor
39:26 Stone Mining
39:26 Gold Mining
39:32 Arson
骑人机的骑士
10:43 Feudal Age
10:50 Loom
14:56 Castle Age
13:22 Double-Bit Axe
18:31 Bow Saw
19:02 Horse Collar
19:40 Heavy Plow
19:56 Gold Mining
31:57 Imperial Age
29:39 Padded Archer Armor
29:30 Fletching
29:24 Crossbowman
31:12 Ballistics
31:02 Thumb Ring
32:57 Leather Archer Armor
32:33 Fletching
35:58 Imperial Age
34:02 Bodkin Arrow
36:50 Wheelbarrow
35:57 Elite Skirmisher
36:01 Arbalester
36:45 Bracer
37:17 Ring Archer Armor
37:49 Conscription
39:31 Chemistry
Connection lost

Rejoining the realm…

Still unreachable

The connection could not be restored.

Session expired

The server has moved on; the page needs a fresh start.